 Dungeon Crawl Stone Soup version 0.23.1 (webtiles) character file.

Game seed: 8801943016271276856

7613 SilentRunner the Severer (level 10, -1/80 HPs)
             Began as a Minotaur Berserker on Mar 11, 2019.
             Was a High Priest of Trog.
             Slain by a porcupine (12 damage)
             ... on level 10 of the Dungeon.
             The game lasted 00:39:43 (8113 turns).

SilentRunner the Severer (Minotaur Berserker)       Turns: 8113, Time: 00:39:44

Health: -1/80      AC:  5    Str: 26    XL:     10   Next: 98%
Magic:  9/9        EV: 12    Int:  4    God:    Trog [*****.]
Gold:   498        SH:  0    Dex:  9    Spells: 9/9 levels left

rFire    . . .     SeeInvis +   q - +1 broad axe (vamp)
rCold    . . .     Gourm    .   (no shield)
rNeg     + . .     Faith    .   a - +0 steam dragon scales
rPois    .         Spirit   .   (helmet restricted)
rElec    .         Reflect  .   g - scarf {cloud immunity}
rCorr    .         Harm     .   (no gloves)
MR       ++...                  (no boots)
Stlth    +.........             (no amulet)
HPRegen  1.23/turn              Q - ring of positive energy
MPRegen  0.11/turn              d - ring of see invisible

@: berserk cooldown, regenerating, slowed, very slow
A: retaliatory headbutt, horns 2
a: Berserk, Trog's Hand, Brothers in Arms, Renounce Religion


You were on level 10 of the Dungeon.
You worshipped Trog.
Trog was extremely pleased with you.
You were hungry.

You visited 1 branch of the dungeon, and saw 10 of its levels.

You collected 498 gold pieces.

Inventory:

Hand Weapons
 l - a +3 short sword
 p - a +2 dagger of venom
 q - a +1 vampiric broad axe (weapon)
 s - a +4 quarterstaff of chaos
Missiles
 A - 187 stones
 J - 5 exploding tomahawks (quivered)
Armour
 a - +0 steam dragon scales (worn)
 g - a scarf of cloud immunity (worn)
Jewellery
 d - a ring of see invisible (right hand)
 e - an uncursed ring of protection from cold
 H - an uncursed ring of fire
 Q - a ring of positive energy (left hand)
Wands
 w - a wand of iceblast (5)
 E - a wand of random effects (17)
Scrolls
 b - a scroll of noise
 h - 2 scrolls of teleportation
 j - 2 scrolls of magic mapping
 t - a scroll of random uselessness {unknown}
 u - a scroll of fear
 x - a scroll of fog
 F - 3 scrolls of remove curse
 I - a scroll of enchant weapon {unknown}
Potions
 f - a potion of invisibility {unknown}
 i - a potion of flight {unknown}
 k - a potion of brilliance {unknown}
 n - 3 potions of heal wounds
 o - a potion of cancellation {unknown}
 r - a potion of haste
 v - a potion of ambrosia
 z - a potion of agility
 C - a potion of resistance
 D - 5 potions of curing
 G - a potion of might
 L - a potion of degeneration {unknown}
 M - a potion of magic
Comestibles
 c - 13 rations
 m - a chunk of flesh


   Skills:
 * Level 4.7 Fighting
 - Level 17.7(18.0) Axes
   Level 6.0(13.1) Maces & Flails
 * Level 3.0 Armour
 - Level 2.2 Dodging


You had 9 spell levels left.
You didn't know any spells.
Your spell library was empty.

Dungeon Overview and Level Annotations

Branches:
Dungeon (10/15)            Temple (0/1) D:7
   Lair: D:8-11         Orc: D:9-12

Altars:
Cheibriados
Fedhas
Kikubaaqudgha
Okawaru
Uskayaw
Vehumet


Innate Abilities, Weirdness & Mutations

You reflexively headbutt those who attack you in melee.
You have a pair of horns on your head.


Message History

The yak gores you but does no damage.
You slash the yak!
You kill the yak!
Trog accepts your kill. Something appears at your feet!
Trog grants you ammunition!
Your Armour skill increases to level 3!
You hit the yak but do no damage. The yak barely misses you.
You feel much better. The yak gores you. The crocodile bites you!
* * * LOW HITPOINT WARNING * * *
The porcupine misses you.
Your skin crawls.
You feel resistant to hostile enchantments.
You are feeling hungry.
The yak gores you!
* * * LOW HITPOINT WARNING * * *
The crocodile bites you.
* * * LOW HITPOINT WARNING * * *
The porcupine bites you!
You die...

P.../.......####(.....
.♣..................# .
..PP............#####...
.........††.............
♣..............<[.......
............).).........
..........st..).........
##+########r######......
.....$Y@t....#......
.............#......
.............+ .....
........##...# .....
........# ...# .####?..#
.... ###+# .... ...


You could see a yak, 2 crocodiles, a scorpion and a porcupine.

Vanquished Creatures
  An ugly thing (D:6)
  Psyche (D:9)
  A troll (D:9)
  A hippogriff (D:7)
  Sigmund (D:3)
  A wraith (D:9)
  A wyvern (D:9)
  8 yaks
  A steam dragon (D:7)
  A water moccasin (D:9)
  Duvessa (D:7)
  3 ice beasts
  3 sky beasts
  3 orc warriors
  A black bear (D:9)
  6 ogres
  The ghost of bananaglory the Changer, an amateur DrTm (D:4)
  3 centaurs
  2 crocodiles
  2 big kobolds
  5 bullfrogs
  A wyvern zombie (D:6)
  A gnoll sergeant (D:9)
  Dowan (D:7)
  A water moccasin zombie (D:6)
  2 scorpions
  3 killer bees (D:7)
  A centaur zombie (D:7)
  6 crimson imps
  3 jellies
  3 orc priests
  Crazy Yiuf (D:2)
  6 hounds
  6 orc wizards
  A bullfrog skeleton (D:5)
  4 iguanas
  6 worker ants
  2 worker ant zombies
  Robin (D:2)
  13 adders
  12 gnolls
  3 shadow imps
  2 oozes (D:3)
  An adder zombie (D:7)
  2 worms
  2 dart slugs
  6 leopard geckos
  18 orcs
  7 bats
  3 giant cockroaches
  14 goblins
  7 hobgoblins
  8 jackals
  3 quokkas
  3 ball pythons
  4 frilled lizards
  24 kobolds
  A leopard gecko skeleton (D:7)
  A leopard gecko zombie (D:5)
  A quokka skeleton (D:4)
  A quokka zombie (D:7)
  5 rats
  A plant (D:2)
238 creatures vanquished.

Vanquished Creatures (collateral kills)
  The ghost of bmj180 the Cleaver, a novice MiFi of Nemelex Xobeh (D:6)
1 creature vanquished.

Grand Total: 239 creatures vanquished

Notes
Turn   | Place    | Note
-------+----------+-------------------------------------------
     0 | D:1      | SilentRunner the Minotaur Berserker began the quest for the
                  | Orb.
     0 | D:1      | Reached XP level 1. HP: 19/19 MP: 0/0
    27 | D:1      | You fall through a shaft!
   172 | D:1      | Reached XP level 2. HP: 27/27 MP: 1/1
   647 | D:2      | Reached XP level 3. HP: 26/33 MP: 2/2
   838 | D:2      | Reached ** piety under Trog
   856 | D:2      | Reached skill level 5 in Maces & Flails
   918 | D:2      | Found an iron altar of Okawaru.
   921 | D:2      | Noticed Robin
   945 | D:2      | Killed Robin
   945 | D:2      | Reached XP level 4. HP: 38/40 MP: 3/3
  1278 | D:2      | Found a runed translucent door.
  1279 | D:2      | Noticed Crazy Yiuf
  1555 | D:2      | Killed Crazy Yiuf
  1555 | D:2      | Reached skill level 1 in Axes
  1630 | D:2      | Found a snail-covered altar of Cheibriados.
  1658 | D:2      | Found a blossoming altar of Fedhas.
  1660 | D:2      | Found a hide-covered altar of Uskayaw.
  1712 | D:3      | Reached skill level 2 in Axes
  1822 | D:3      | Reached XP level 5. HP: 37/46 MP: 4/4
  1974 | D:3      | Reached skill level 3 in Axes
  2035 | D:3      | Noticed Sigmund
  2044 | D:3      | Killed Sigmund
  2044 | D:3      | Reached *** piety under Trog
  2044 | D:3      | Reached skill level 5 in Axes
  2044 | D:3      | Reached XP level 6. HP: 40/52 MP: 5/5
  2259 | D:4      | Found a runed translucent door.
  2355 | D:4      | Reached skill level 6 in Axes
  2366 | D:4      | Noticed bananaglory's ghost (amateur DrTm)
  2378 | D:4      | Killed bananaglory's ghost
  2461 | D:4      | Reached skill level 7 in Axes
  2461 | D:4      | Reached XP level 7. HP: 53/58 MP: 6/6
  2853 | D:5      | Entered Level 5 of the Dungeon
  2863 | D:5      | Reached skill level 8 in Axes
  3047 | D:5      | Reached skill level 9 in Axes
  3385 | D:5      | Found a radiant altar of Vehumet.
  3665 | D:6      | Reached XP level 8. HP: 45/66 MP: 7/7
  3769 | D:6      | Reached skill level 10 in Axes
  3823 | D:6      | Reached skill level 11 in Axes
  3852 | D:6      | Noticed a purple ugly thing
  3861 | D:6      | Killed a purple ugly thing
  3861 | D:6      | Reached skill level 12 in Axes
  3957 | D:6      | Reached **** piety under Trog
  4032 | D:6      | Reached XP level 9. HP: 32/71 MP: 8/8
  4129 | D:6      | Reached skill level 13 in Axes
  4320 | D:6      | Found a runed translucent door.
  4321 | D:6      | Noticed bmj180's ghost (novice MiFi)
  4503 | D:6      | Killed bmj180's ghost
  4682 | D:7      | Reached skill level 14 in Axes
  4915 | D:7      | Found a staircase to the Ecumenical Temple.
  5323 | D:7      | Found an ancient bone altar of Kikubaaqudgha.
  5365 | D:7      | Noticed Duvessa
  5365 | D:7      | Noticed Dowan
  5385 | D:7      | Killed Duvessa
  5385 | D:7      | Reached skill level 15 in Axes
  5402 | D:7      | Killed Dowan
  5839 | D:7      | Reached XP level 10. HP: 76/78 MP: 9/9
  6578 | D:9      | Noticed Psyche
  6583 | D:9      | Killed Psyche
  6604 | D:9      | Reached skill level 16 in Axes
  6758 | D:9      | Reached ***** piety under Trog
  7029 | D:9      | Reached skill level 17 in Axes
  7766 | D:10     | Entered Level 10 of the Dungeon
  8111 | D:10     | Received a gift from Trog
  8113 | D:10     | Slain by a porcupine

Skill      XL: |  1  2  3  4  5  6  7  8  9 10 |
---------------+-------------------------------+-----
Maces & Flails | 4 5 6 |  6.0
Axes           | 2 5 7 9 12 15 17 | 17.7
Fighting       | 4 |  4.7
Armour         | 3 |  3.0
Dodging        | |  2.2

Action                   |  1- 3 |  4- 6 |  7- 9 | 10-12 || total
-------------------------+-------+-------+-------+-------++-------
Melee: Mace              |    80 |    56 |       |       ||   136
       Headbutt          |    11 |    26 |    45 |    28 ||   110
       Broad axe         |       |    58 |   285 |   148 ||   491
Throw: Stone             |       |       |     4 |     5 ||     9
       Tomahawk          |       |       |       |     3 ||     3
Invok: Berserk           |     1 |       |     5 |     3 ||     9
       Trog's Hand       |       |       |     1 |     1 ||     2
       Brothers in Arms  |       |       |     1 |       ||     1
Evoke: Wand              |       |       |       |     5 ||     5
  Use: Scroll            |     3 |       |     9 |     3 ||    15
       Potion            |       |       |     1 |     2 ||     3
  Eat: Chunk             |       |     4 |     9 |       ||    13
       Ration            |       |     2 |     2 |     3 ||     7
Armor: Animal skin       |    13 |       |       |       ||    13
       Ring mail         |    33 |    19 |    53 |       ||   105
       Steam dragon scal |       |       |     8 |    34 ||    42
Dodge: Dodged            |    66 |    36 |   168 |    97 ||   367
